 Dungeon Crawl Stone Soup version 0.29-a0-416-g83a48905f1 (webtiles) character file.

Game seed: 8964916543946863252

3 dolemite99 the Twirler (level 1, -2/17 HPs)
             Began as a Ghoul Gladiator on May 17, 2022.
             Slain by a kobold
             ... wielding a +1 dagger of electrocution
              (16 damage)
             ... on level 1 of the Dungeon.
             The game lasted 00:00:11 (108 turns).

dolemite99 the Twirler (Ghoul Gladiator)             Turns: 108, Time: 00:00:12

Health: -2/17      AC:  4    Str: 17    XL:     1   Next: 50%
Magic:  0/0        EV: 12    Int:  3    God:
Gold:   27         SH:  0    Dex: 10    Spells: 0/0 levels left

rFire   . . .      SeeInvis .   a - +0 quarterstaff
rCold   + . .      Faith    .   (shield currently unavailable)
rNeg    + + +      Spirit   .   b - +0 leather armour
rPois   ∞          Reflect  .   c - +0 helmet
rElec   .          Harm     .   (no cloak)
rCorr   .          Rampage  .   (no gloves)
Will    .....                   (no boots)
Stlth   +.........              (no amulet)
HPRegen 0.00/turn               (no ring)
MPRegen 0.07/turn               (no ring)

@: inhibited regen
A: claws 1, cold resistance 1, negative energy resistance 3, inhibited
regeneration, torment resistance 2, devour on kill
a: no special abilities


You were on level 1 of the Dungeon.
You visited 1 branch of the dungeon, and saw 1 of its levels.

You collected 27 gold pieces.

Inventory:

Hand Weapons
 a - a +0 quarterstaff (weapon)
Missiles
 d - 3 throwing nets (quivered)
 e - a javelin
Armour
 b - a +0 leather armour (worn)
 c - a +0 helmet (worn)
Scrolls
 g - a scroll of teleportation {unknown}
Potions
 f - a potion of flight {unknown}
 h - a potion of haste {unknown}


   Skills:
 - Level 2.1 Fighting
 + Level 2.9 Staves
 - Level 1.7 Throwing
 - Level 2.6 Dodging


You couldn't memorise any spells.
You didn't know any spells.
Your spell library was empty.

Dungeon Overview and Level Annotations

Branches:
Dungeon (1/15)

Altars:


Innate Abilities, Weirdness & Mutations

You are immune to poison.
You have sharp fingernails.
Your flesh is cold resistant. (rC+)
You are immune to negative energy. (rN+++)
You do not regenerate when monsters are visible.
You are immune to unholy pain and torment.
You thrive by killing the living.


Message History

The jackal bites you but does no damage.
The jackal barely misses you.
You sock the jackal!
You kill the jackal!
No target in view!
No target in view!
No target in view!
No target in view!
No target in view!
No target in view!
No target in view!
No target in view!
No target in view!
No target in view!
No target in view!
No target in view!
No target in view!
No target in view!
No target in view!
No target in view!
No target in view!
h - a fizzy red potion
Found a stone staircase leading down.
No target in view!
You now have 27 gold pieces (gained 13).
Found a stone staircase leading down.
A kobold comes into view.
It is wielding a +1 dagger of electrocution.
An endoplasm comes into view.
A giant cockroach comes into view.
The endoplasm quivers.
You miss the kobold.
The kobold hits you with a +1 dagger of electrocution.
You hit the kobold.
The kobold is severely wounded.
The kobold hits you but does no damage.
You closely miss the kobold.
The kobold is severely wounded.
The kobold hits you but does no damage.
You are electrocuted!
Ouch! That really hurt!
You die...

......# .#
.......##.##
...........# #
...........#
.......J⌠..## #
......B.....##.#
......K........
#@#.##.#
#......# #
###.##.###
##...# #.
##...#...# ...#
#.##.#....>.#
##...#
#.###.#.#...#
###.##### #.#
##......# ......
.. #.# #.###..#
###.####.##
#.####.# .#


You could see an endoplasm, a giant cockroach and a kobold.

Vanquished Creatures
  2 jackals (D:1)
  A frilled lizard (D:1)
3 creatures vanquished.

Notes
Turn   | Place    | Note
-------+----------+-------------------------------------------
     0 | D:1      | dolemite99 the Ghoul Gladiator began the quest for the Orb.
     0 | D:1      | Reached XP level 1. HP: 17/17 MP: 0/0
   108 | D:1      | Slain by a kobold

Illustrated notes

Levels and vault maps discovered:
D:1:      minmay_arrival_jagged, layout_loops_ring, solitary_fountain,
          patterned_corridor

Action                   || total
-------------------------++-------
Melee: Quarterstaff      ||    10
Armor: Leather armour    ||     5
Dodge: Dodged            ||     9

Table legend: (Time is in decaauts)
 A = Elapsed time spent in this place.
 B = Non-inter-level travel time spent in this place.
 C = Inter-level travel time spent in this place.
 D = Time resting spent in this place.
 E = Time spent auto-exploring this place.
 F = Levels seen in this place.
 G = Mean time per level.
                   A        B        C        D        E       F      G
               +--------+--------+--------+--------+--------+-----+--------+
         Total |    109 |    109 |      0 |      0 |     81 |   1 |  109.0 |
       Dungeon |    109 |    109 |      0 |      0 |     81 |   1 |  109.0 |
               +--------+--------+--------+--------+--------+-----+--------+

Top non-repeatable levels by time:
     D:1: 109 daAuts
